 Dungeon Crawl Stone Soup version 0.27.0-1-g7a08968 (webtiles) character file.

Game seed: 16446330731836295649

127 Illumine the Magician (level 4, -4/31 HPs)
             Began as a Mummy Air Elementalist on Aug 10, 2021.
             Slain by a water moccasin zombie (7 damage)
             ... on level 3 of the Dungeon.
             The game lasted 00:07:29 (3462 turns).

Illumine the Magician (Mummy Air Elementalist)      Turns: 3462, Time: 00:07:29

Health: -4/31      AC:  2    Str: 11    XL:     4   Next: 85%
Magic:  9/10       EV: 12    Int: 15    God:
Gold:   115        SH:  0    Dex: 12    Spells: 1/11 levels left

rFire    x . .     SeeInvis .   f - +2 dagger (speed)
rCold    + . .     Faith    .   (no shield)
rNeg     + + +     Spirit   .   a - +0 robe
rPois    ∞         Reflect  .   (no helmet)
rElec    .         Harm     .   (no cloak)
rCorr    .         Rampage  .   (no gloves)
Will     .....                  (no boots)
Stlth    ++........             (no amulet)
HPRegen  0.10/turn              (no ring)
MPRegen  0.12/turn              (no ring)

@: sluggish, very slow
A: cold resistance 1, negative energy resistance 3, torment resistance 2, heat
vulnerability 1, no potions
a: no special abilities


You were on level 3 of the Dungeon.
You visited 1 branch of the dungeon, and saw 3 of its levels.

You collected 115 gold pieces.

Inventory:

Hand Weapons
 f - a +2 dagger of speed (weapon)
Missiles
 c - 22 stones
 e - 14 poisoned darts
Armour
 a - a +0 robe (worn)
 g - a +0 buckler
Scrolls
 b - a scroll of teleportation {unknown}
 d - 2 scrolls of identify {unknown}


   Skills:
 + Level 0.4 Fighting
 + Level 2.0 Dodging
 - Level 1.5 Stealth
 + Level 0.3 Shields
 * Level 4.1 Spellcasting
 + Level 2.0 Conjurations
 + Level 3.1 Air Magic


You had one spell level left.
You knew the following spells:

 Your Spells              Type           Power      Damage    Failure   Level
a - Shock                 Conj/Air       40%        1d5       6%          1
b - Static Discharge      Conj/Air       10%        N/A       10%         2
c - Swiftness             Air            12%        N/A       14%         3
d - Airstrike             Air            6%         N/A       43%         4

Your spell library contained the following spells:

 Spells                   Type           Power      Damage    Failure   Level
 Slow                     Hex            3%         N/A       26%         2
 Confusing Touch          Hex            3%         N/A       47%         3
 Vampiric Draining        Necr           1%         2d6       47%         3


Dungeon Overview and Level Annotations

Branches:
Dungeon (3/15)

Altars:
Cheibriados
Wu Jian


Innate Abilities, Weirdness & Mutations

You are immune to poison.
Your flesh is cold resistant. (rC+)
You are immune to negative energy. (rN+++)
You are immune to unholy pain and torment.
You are vulnerable to heat. (rF-)
You do not drink.


Message History

Found 10 sling bullets.
An orc and an orc wizard come into view.
The orc shouts!
The orc wizard shouts!
Casting: Shock (safe; 6% risk of failure)
Confirm with . or Enter, or press ? or * to list all spells.
Aiming: Shock (safe; 6% risk of failure)
Press: ? - help, Shift-Dir - straight line, f - orc wizard
Aim: an orc wizard, wielding a +0 dagger and wearing a +0 robe (60% to hit)
The zap hits the orc wizard but does no damage.
The orc wizard casts a spell.
The orc wizard flickers and vanishes!
Deactivating autopickup; reactivate with Ctrl-A.
A puff of flame appears from out of thin air!
The puff of flame hits you! The fire burns you terribly!
There is a snail-covered altar of Cheibriados here.
An orc wizard appears from thin air!
Reactivating autopickup.
The water moccasin zombie bites you.
The orc wizard gestures wildly while chanting.
The orc wizard flickers and vanishes!
Deactivating autopickup; reactivate with Ctrl-A.
The water moccasin zombie bites you.
* * * LOW HITPOINT WARNING * * *
Casting: Shock (safe; 6% risk of failure)
Confirm with . or Enter, or press ? or * to list all spells.
Okay, then.
Casting: Shock (safe; 6% risk of failure)
Confirm with . or Enter, or press ? or * to list all spells.
The spell is quite dangerous to cast (14% risk of failure)!
Continue anyway?
You feel quick. The water moccasin zombie bites you.
* * * LOW HITPOINT WARNING * * *
The water moccasin zombie bites you.
* * * LOW HITPOINT WARNING * * *
You start to feel a little slower.
You see here a ball python corpse.
You feel sluggish.
There is a stone staircase leading down here.
The water moccasin zombie closely misses you.
The water moccasin zombie bites you!
You die...

#############o##
#..............#
#...........o..#
#..########..#.#...
#..# ###..†......#
#..# #...........#
#..###.#.##..#...#
#..Z.....##..#.....
##@###......[......
#.###..###..#.####
#...........#.#
#.###).###.## #
#.)........#
#####..##### #.†#
#..# #..#


You could see a water moccasin zombie.

Vanquished Creatures
  An orc wizard (D:2)
  2 adders (D:2)
  5 dart slugs
  2 orcs (D:2)
  6 bats
  4 endoplasms
  3 giant cockroaches
  7 goblins (D:1)
  5 hobgoblins
  6 jackals (D:2)
  5 kobolds
  5 quokkas
  10 ball pythons
  2 frilled lizards
  4 rats
67 creatures vanquished.

Notes
Turn   | Place    | Note
-------+----------+-------------------------------------------
     0 | D:1      | Illumine the Mummy Air Elementalist began the quest for the
                  | Orb.
     0 | D:1      | Reached XP level 1. HP: 13/13 MP: 4/4
   239 | D:1      | Reached skill level 1 in Conjurations
   288 | D:1      | Reached skill level 3 in Spellcasting
   305 | D:1      | Reached XP level 2. HP: 19/19 MP: 3/6
   490 | D:1      | Learned a level 2 spell: Static Discharge
   922 | D:1      | Reached XP level 3. HP: 24/24 MP: 1/7
   980 | D:1      | Learned a level 3 spell: Swiftness
  2051 | D:2      | Found an ornate altar of the Wu Jian Council.
  2074 | D:2      | Reached XP level 4. HP: 18/30 MP: 0/9
  2194 | D:2      | Learned a level 4 spell: Airstrike
  3095 | D:2      | Reached skill level 4 in Spellcasting
  3391 | D:3      | Found a snail-covered altar of Cheibriados.
  3462 | D:3      | Slain by a water moccasin zombie

Illustrated notes

Levels and vault maps discovered:
D:1:      dpeg_arrival_more_subterranean_lakeside_camping, layout_basic
D:2:      layout_basic, basic_altar, minmay_misc_feat_rows
D:3:      layout_loops_ring, mainiacjoe_overflow_small_starburst,
          uniq_crazy_yiuf_cottage, uniq_sigmund

Skill      XL: |  1  2  3  4 |
---------------+-------------+-----
Conjurations   | 1 2 |  2.0
Spellcasting   | 3 4 |  4.1
Air Magic      | 3 |  3.1
Dodging        | 2 |  2.0
Fighting       | |  0.4
Stealth        | |  1.5
Shields        | |  0.3

Action                   |  1- 3 |  4- 6 || total
-------------------------+-------+-------++-------
Melee: Dagger            |    28 |    22 ||    50
 Cast: Shock             |    97 |    38 ||   135
       Swiftness         |       |     1 ||     1
Armor: Robe              |    18 |     8 ||    26
Dodge: Dodged            |    52 |    22 ||    74
Block: Buckler           |       |     4 ||     4
